 Dungeon Crawl Stone Soup version 0.27-a0-1565-gad902ab807 (webtiles) character file.

Game seed: 6963873438336868485

1997 tsouns the Grappler (level 9, -9/88 HPs)
             Began as a Troll Delver on July 16, 2021.
             Was an Elder of Lugonu.
             Mangled by a boulder beetle (20 damage)
             ... on level 6 of the Dungeon.
             The game lasted 00:07:37 (4017 turns).

tsouns the Grappler (Troll Delver)                  Turns: 4017, Time: 00:07:38

Health: -9/88      AC:  5    Str: 24    XL:     9   Next: 2%
Magic:  8/8        EV: 11    Int:  7    God:    Lugonu [****..]
Gold:   384        SH:  0    Dex: 11    Spells: 8/8 levels left

rFire    . . .     SeeInvis .     - Unarmed
rCold    . . .     Faith    .   (no shield)
rNeg     . . .     Spirit   .   a - +1 robe
rPois    +         Reflect  .   (helmet restricted)
rElec    .         Harm     .   (no cloak)
rCorr    .         Rampage  .   (gloves unavailable)
Will     .....                  (boots unavailable)
Stlth    ++........             (no amulet)
HPRegen  1.24/turn              l - ring of poison resistance
MPRegen  0.11/turn              (no ring)

@: studying Unarmed Combat
A: large, unfitting armour, claws 3, regeneration 1, shaggy fur 1, tough skin 1
a: Renounce Religion, Depart the Abyss, Bend Space, Banish, Corrupt


You were on level 6 of the Dungeon.
You worshipped Lugonu.
Lugonu was greatly pleased with you.
You visited 1 branch of the dungeon, and saw 6 of its levels.

You collected 384 gold pieces.

Inventory:

Missiles
 m - 3 large rocks (quivered)
Armour
 a - a +1 robe (worn)
Jewellery
 l - a ring of poison resistance (left claw)
Wands
 f - a wand of digging (3)
 s - a wand of flame (28)
 u - a wand of iceblast (6)
Scrolls
 b - a scroll of fog
 d - 2 scrolls of fear
 h - 2 scrolls of magic mapping
 j - a scroll of teleportation
Potions
 c - a potion of resistance {unknown}
 e - 2 potions of haste
 g - a potion of curing
 k - a potion of flight
 n - 3 potions of degeneration
 p - a potion of attraction
 v - a potion of cancellation


   Skills:
 + Level 5.5 Fighting
 + Level 5.1 Dodging
 - Level 2.7 Stealth
 * Level 9.4 Unarmed Combat


You had 8 spell levels left.
You didn't know any spells.
Your spell library contained the following spells:

 Spells                   Type           Power      Damage    Failure   Level
 Dazzling Flash           Conj/Hex       0%         N/A       80%         3
 Agony                    Necr           0%         N/A       100%        5
 Silence                  Hex/Air        0%         N/A       100%        5


Dungeon Overview and Level Annotations

Branches:
Dungeon (6/15)
 Temple: D:4-7

Altars:
Hepliaklqana
Qazlal
Xom
Yredelemnul
Lugonu

Annotations:
D:3 1 runed translucent door
D:4 1 runed translucent door, kr4n3x's ghost, amateur GrEE


Innate Abilities, Weirdness & Mutations

You are too large for most types of armour.
You have claws for hands.
Your natural rate of healing is unusually fast.
You are covered in fur. (AC +1)
You have tough skin. (AC +1)


Message History

You scratch the boulder beetle but do no damage.
The boulder beetle is severely wounded.
The boulder beetle bites you.
* * * LOW HITPOINT WARNING * * *
You mangle the boulder beetle!!
You claw the boulder beetle, but do no damage.
The boulder beetle is almost dead.
You scratch the boulder beetle but do no damage.
The boulder beetle is almost dead.
The boulder beetle bites you!!
* * * LOW HITPOINT WARNING * * *
You feel better.
The boulder beetle waves its antennae.
The boulder beetle leaps!
Unknown command.
Throw: 5 large rocks
Press: ? - help, Q - select action, (/) - cycle Shift-Dir - straight line, f - boulder beetle
Aim: a boulder beetle (almost dead, 89% to hit)
You throw a large rock. The large rock hits the boulder beetle.
The boulder beetle is almost dead.
Unknown command.
Throw: 4 large rocks
Press: ? - help, Q - select action, (/) - cycle Shift-Dir - straight line, f/p - boulder beetle
Aim: a boulder beetle (almost dead, 89% to hit)
You throw a large rock. The large rock hits the boulder beetle.
The boulder beetle is almost dead.
Unknown command.
You feel better.
You barely miss the boulder beetle.
The boulder beetle is almost dead.
The boulder beetle bites you!!
* * * LOW HITPOINT WARNING * * *
Unknown command.
You scratch the boulder beetle.
The boulder beetle is almost dead.
The boulder beetle misses you.
You feel better.
The boulder beetle waves its antennae.
The boulder beetle bites you!!
You die...

####### #. #.....###...
#..........# .........# #
### ###........##
....#..@...(.....
.......B......#.####
............#.#..##..
...........(#.....#..###
........(....#...........
..............# .........
.........(....###........
..................#......
.........<.(.<....##....


You could see a boulder beetle.

Vanquished Creatures
  A black bear (D:5)
  An ice beast (D:5)
  2 ogres
  2 centaurs
  A gnoll sergeant (D:4)
  3 scorpions
  A water moccasin skeleton (D:5)
  2 wyvern skeletons (D:6)
  4 wights (D:6)
  4 crimson imps (D:4)
  2 bullfrog zombies (D:5)
  A centaur zombie (D:6)
  2 centaur skeletons (D:5)
  2 jellies (D:5)
  A gnoll shaman (D:5)
  3 bullfrog skeletons
  3 hounds
  A human zombie (D:3)
  5 iguanas
  A human skeleton (D:3)
  3 hound skeletons (D:4)
  A howler monkey zombie (D:5)
  4 adders
  3 gnolls
  A howler monkey skeleton (D:4)
  An ufetubus (D:6)
  3 dart slugs
  5 orcs
  3 ball pythons
  2 endoplasms
  3 giant cockroaches
  11 goblins
  4 hobgoblins
  8 jackals
  6 kobolds
  5 quokkas
  5 bats
  3 frilled lizards
  A kobold skeleton (D:3)
  3 rats
117 creatures vanquished.

Notes
Turn   | Place    | Note
-------+----------+-------------------------------------------
     0 | D:5      | tsouns the Troll Delver began the quest for the Orb.
     0 | D:5      | Reached XP level 1. HP: 22/22 MP: 0/0
    40 | D:5      | Noticed a jelly
    40 | D:5      | Noticed a gnoll shaman
    51 | D:5      | Noticed an ice beast
   254 | D:3      | Found a runed translucent door.
   254 | D:3      | Noticed a human
   269 | D:3      | Reached XP level 2. HP: 21/29 MP: 1/1
   269 | D:3      | Reached XP level 3. HP: 27/36 MP: 2/2
   275 | D:3      | Reached skill level 3 in Unarmed Combat
   292 | D:3      | Found a basalt altar of Yredelemnul.
   759 | D:3      | Reached XP level 4. HP: 44/44 MP: 3/3
  1032 | D:2      | Found a faded altar of an unknown god.
  1386 | D:2      | Became a worshipper of Lugonu the Unformed
  1386 | D:2      | Reached * piety under Lugonu
  1386 | D:2      | Reached ** piety under Lugonu
  2289 | D:4      | Found a runed translucent door.
  2293 | D:4      | Noticed kr4n3x's ghost (amateur GrEE)
  2306 | D:4      | Found a hazy altar of Hepliaklqana.
  2325 | D:4      | Reached XP level 5. HP: 49/53 MP: 4/4
  2362 | D:4      | Reached skill level 4 in Unarmed Combat
  2477 | D:4      | Found a shimmering altar of Xom.
  2495 | D:4      | Reached XP level 6. HP: 61/61 MP: 5/5
  2548 | D:4      | Reached skill level 5 in Unarmed Combat
  2567 | D:4      | Reached *** piety under Lugonu
  2799 | D:5      | Killed an ice beast
  2835 | D:5      | Reached XP level 7. HP: 68/68 MP: 6/6
  2856 | D:5      | Reached skill level 6 in Unarmed Combat
  2983 | D:5      | Reached XP level 8. HP: 54/79 MP: 7/7
  3102 | D:5      | Reached skill level 7 in Unarmed Combat
  3448 | D:5      | Found a stormy altar of Qazlal.
  3451 | D:5      | Noticed an air elemental
  3463 | D:5      | Reached skill level 5 in Fighting
  3691 | D:5      | Identified a scroll of acquirement
  3692 | D:5      | Acquired a manual of Unarmed Combat
  3771 | D:6      | Reached skill level 8 in Unarmed Combat
  3800 | D:6      | Reached **** piety under Lugonu
  3829 | D:6      | Reached skill level 5 in Dodging
  3832 | D:6      | Reached skill level 9 in Unarmed Combat
  3938 | D:6      | Reached XP level 9. HP: 86/88 MP: 8/8
  3995 | D:6      | Noticed a boulder beetle
  4010 | D:6      | HP: 3/88 [boulder beetle (19)]
  4015 | D:6      | HP: 1/88 [boulder beetle (21)]
  4017 | D:6      | Mangled by a boulder beetle

Illustrated notes

Levels and vault maps discovered:
D:1:      amcnicky_arrival_single_pillar, layout_basic, minmay_statues_item,
          kennysheep_flooded_box
D:2:      layout_basic, shapermc_ecumenical_altar_flowoftime
D:3:      layout_loops_corners, dk_yredelemnul_ordeal
D:4:      layout_rooms, general_overflow_altar, led_xom_imps,
          ebering_ghost_inner_flame
D:5:      layout_loops_ring, nicolae_qazlal_style_of_elements, minmay_pentangle
D:6:      layout_rooms, nrook_mini_vaults

Skill      XL: |  1  2  3  4  5  6  7  8 |
---------------+-------------------------+-----
Dodging        | 2 3 4 5 |  5.1
Unarmed Combat | 3 4 5 6 9 |  9.4
Fighting       | 3 4 5 |  5.5
Stealth        | |  2.7

Action                   |  1- 3 |  4- 6 |  7- 9 || total
-------------------------+-------+-------+-------++-------
Melee: Unarmed           |    38 |   172 |   171 ||   381
       Punch             |     1 |       |     8 ||     9
Throw: Large rock        |       |       |     7 ||     7
  Use: Scroll            |     1 |       |    12 ||    13
       Potion            |       |       |     3 ||     3
 Stab: Sleeping          |     2 |     6 |     1 ||     9
Armor: Robe              |    13 |    44 |    35 ||    92
Dodge: Dodged            |    11 |    64 |    93 ||   168

Table legend: (Time is in decaauts)
 A = Elapsed time spent in this place.
 B = Non-inter-level travel time spent in this place.
 C = Inter-level travel time spent in this place.
 D = Time resting spent in this place.
 E = Time spent auto-exploring this place.
 F = Levels seen in this place.
 G = Mean time per level.
                   A        B        C        D        E       F      G
               +--------+--------+--------+--------+--------+-----+--------+
         Total |   3986 |   3838 |    148 |      0 |   2888 |   6 |  664.3 |
       Dungeon |   3986 |   3838 |    148 |      0 |   2888 |   6 |  664.3 |
               +--------+--------+--------+--------+--------+-----+--------+

Top non-repeatable levels by time:
     D:5: 950 daAuts
     D:3: 890 daAuts
     D:1: 738 daAuts
     D:2: 562 daAuts
     D:4: 558 daAuts
     D:6: 286 daAuts
